 Dungeon Crawl Stone Soup version 0.25.0-9-g26727b657a (webtiles) character file.

Game seed: 12322080075013561801

36 mopl the Poker (level 3, 0/27 HPs)
             Began as a Merfolk Skald on June 18, 2020.
             Slain by Sigmund
             ... wielding a +0 scythe
              (9 damage)
             ... on level 2 of the Dungeon.
             The game lasted 00:01:26 (1186 turns).

mopl the Poker (Merfolk Skald)                      Turns: 1186, Time: 00:01:27

Health: 0/27       AC:  6    Str: 12    XL:     3   Next: 37%
Magic:  3/6        EV: 12    Int: 12    God:
Gold:   14         SH:  0    Dex: 13    Spells: 3/6 levels left

rFire    . . .     SeeInvis .   a - +0 spear
rCold    . . .     Gourm    .   (no shield)
rNeg     . . .     Faith    .   b - +0 leather armour
rPois    .         Spirit   .   (no helmet)
rElec    .         Reflect  .   (no cloak)
rCorr    .         Harm     .   j - +2 pair of gloves
MR       .....                  (no boots)
Stlth    +.........             (no amulet)
HPRegen  0.09/turn              (no ring)
MPRegen  0.10/turn              (no ring)

@: confused, infused
A: change form in water, swift swim, stealthy swim
a: no special abilities


You were on level 2 of the Dungeon.
You were not hungry.

You visited 1 branch of the dungeon, and saw 2 of its levels.

You collected 14 gold pieces.

Inventory:

Hand Weapons
 a - a +0 spear (weapon)
Armour
 b - a +0 leather armour (worn)
 j - a +2 pair of gloves (worn)
Scrolls
 f - a scroll of amnesia {unknown}
 g - 2 scrolls of remove curse {unknown}
 h - a scroll of fog {unknown}
Potions
 e - a potion of mutation {unknown}
 i - a potion of resistance {unknown}
Comestibles
 d - 4 rations


   Skills:
 - Level 2.1 Fighting
 * Level 5.4 Polearms
 - Level 0.6 Armour
 - Level 2.6 Dodging
 - Level 2.0 Spellcasting
 - Level 3.2 Charms


You had 3 spell levels left.
You knew the following spells:

 Your Spells              Type           Power        Failure   Level  Hunger
a - Infusion              Chrm           #...         9%          1    ##.....
b - Song of Slaying       Chrm           #.......     14%         2    ###....

Your spell library contained the following spells:

 Spells                   Type           Power        Failure   Level  Hunger
 Shroud of Golubria       Chrm/Tloc      #.....       26%         2    ###....
 Ozocubu's Armour         Chrm/Ice       #.......     47%         3    ####...
 Spectral Weapon          Hex/Chrm       #.......     47%         3    ####...


Dungeon Overview and Level Annotations

Branches:
Dungeon (2/15)

Altars:

Annotations:
D:2 Sigmund


Message History

You are too injured to fight recklessly!
Attack whom?
Press: ? - help, Dir - move target cursor, f/p - Sigmund
Aim: Sigmund, wielding a +0 scythe, wearing a cursed -1 robe and carrying a wand of random effects (20) (heavily wounded)
You reach to attack!
You closely miss Sigmund.
Sigmund is heavily wounded.
Attack whom?
Press: ? - help, Dir - move target cursor, f/p - Sigmund
Aim: Sigmund, wielding a +0 scythe, wearing a cursed -1 robe and carrying a wand of random effects (20) (heavily wounded)
You reach to attack!
You closely miss Sigmund.
Sigmund is heavily wounded.
Sigmund gestures at you while chanting.
You are confused.
Sigmund misses you.
In your confused state, you trip and fall back down the stairs.
Sigmund misses you.
In your confused state, you trip and fall back down the stairs.
Sigmund closely misses you.
Sigmund hits you from afar with a +0 scythe!
You die...

######### #.......#
######.##..#.###.#
.............@.....
#.####.##..@#.###.#
#.#....# #
#.#......@...#
............$..
.######.#...#.#
#.###.# #.# .# #.#
# ...


You could see Sigmund.

Vanquished Creatures
  An adder (D:2)
  A dart slug (D:2)
  A ball python (D:1)
  3 giant cockroaches (D:1)
  A goblin (D:1)
  2 hobgoblins
  2 kobolds (D:1)
  5 bats
  2 frilled lizards (D:1)
  6 rats (D:1)
24 creatures vanquished.

Notes
Turn   | Place    | Note
-------+----------+-------------------------------------------
     0 | D:1      | mopl the Merfolk Skald began the quest for the Orb.
     0 | D:1      | Reached XP level 1. HP: 16/16 MP: 3/3
   240 | D:1      | Reached skill level 4 in Polearms
   240 | D:1      | Reached XP level 2. HP: 22/22 MP: 5/5
   457 | D:1      | Learned a level 2 spell: Song of Slaying
   875 | D:2      | Reached skill level 5 in Polearms
   875 | D:2      | Reached XP level 3. HP: 24/27 MP: 6/6
   912 | D:2      | Noticed Sigmund
  1186 | D:2      | Slain by Sigmund

Illustrated notes

Levels and vault maps discovered:
D:1:      scummos_arrival_checkerplants, layout_loops_ring, minmay_ruptured
D:2:      layout_basic, grunt_temple_overflow_open, uniq_sigmund

Skill      XL: |  1  2 |
---------------+-------+-----
Polearms       | 4 5 |  5.4
Fighting       | |  2.1
Armour         | |  0.6
Dodging        | |  2.6
Spellcasting   | |  2.0
Charms         | |  3.2

Action                   || total
-------------------------++-------
Melee: Spear             ||   127
 Cast: Infusion          ||     1
  Eat: Chunk             ||     1
Armor: Leather armour    ||    41
Dodge: Dodged            ||    77
